Map: Port Aleksander LE

Players

Nerchio - Winner!

  • Race: Zerg Zerg
  • League: Master
  • Spawn Location: 11:00

Bunny

  • Race: Terran Terran
  • League: Diamond
  • Spawn Location: 5:00

Event: IEM Season 13 - Katowice Server Qualifiers Europe

VOD

Have the link to the VOD?

Description

Time

  • Played on: Jan. 8, 2019, 9:15 a.m.
  • Length: 11:56

All games in this series

Show
View Real Time Build Order
Export as new Build Order

Nerchio Zerg - Winner!

Build Orders: Hatch First 

Get SALT Encoding   

  12  0:01  Drone  
  13  0:12  Overlord  
  13  0:18  Drone  
  14  0:31  Drone x2  
  16  0:49  Hatchery  
  15  0:53  Drone  
  15  0:56  Drone  
  17  1:00  Drone  
  18  1:10  Extractor  
  17  1:16  Spawning Pool  
  16  1:19  Drone  
  16  1:23  Drone  
  18  1:28  Drone  
  19  1:38  Overlord  
  19  1:49  Drone  
  20  2:03  Queen x2, Zergling x2  
  20  2:05  Zergling x2  
  26  2:11  Metabolic Boost  
  27  2:15  Drone  
  27  2:18  Drone  
  27  2:22  Drone  
  29  2:25  Drone  
  29  2:37  Drone  
  29  2:38  Drone  
  31  2:48  Drone  
  31  2:49  Hatchery  
  31  2:53  Overlord  
  31  3:00  Queen  
  31  3:03  Drone  
  31  3:05  Drone  
  35  3:15  Drone x5  
  35  3:19  Overlord  
  40  3:27  Queen  
  40  3:29  Drone  
  40  3:32  Overlord  
  43  3:37  Queen  
  45  3:44  Zergling x6  
  45  3:47  Drone x2  
  50  3:50  Overlord  
  50  3:55  Baneling Nest  
  49  3:56  Drone x2  
  49  3:58  Drone  
  49  4:01  Drone  
  49  4:02  Drone  
  54  4:06  Drone  
  55  4:10  Drone  
  55  4:13  Drone x4  
  60  4:22  Overlord x2  
  60  4:25  Drone  
  60  4:26  Queen  
  63  4:32  Queen  
  63  4:36  Extractor  
  63  4:38  Zergling x2  
  65  4:42  Zergling x10  
  70  4:47  Zergling x8  
  70  4:49  Spore Crawler x2  
  70  4:50  Spore Crawler  
  70  4:52  Drone  
  72  4:53  Drone  
  72  4:54  Drone  
  72  4:55  Drone  
  72  4:56  Drone  
  72  4:58  Drone  
  72  4:59  Drone  
  78  5:03  Drone  
  79  5:08  Spore Crawler  
  79  5:10  Drone x2  
  79  5:12  Evolution Chamber  
  79  5:13  Drone  
  80  5:15  Evolution Chamber  
  80  5:19  Lair  
  80  5:20  Overlord  
  80  5:21  Overlord  
  79  5:36  Extractor  
  79  5:41  Drone  
  79  5:42  Drone x9  
  88  5:49  Drone  
  86  5:50  Drone x6  
  86  5:52  Drone  
  86  5:55  Zerg Ground Armor Level 1  
  91  5:58  Zerg Missile Weapons Level 1  
  90  6:06  Drone x3  
  90  6:08  Drone  
  90  6:09  Overlord  
  90  6:10  Overlord  
  89  6:11  Drone  
  89  6:16  Extractor  
  88  6:19  Extractor, Hydralisk Den  
  88  6:24  Overlord  
  88  6:25  Overlord  
  86  6:26  Hatchery  
  86  6:28  Drone x7  
  87  6:32  Drone  
  87  6:33  Drone  
  87  6:39  Extractor  
  86  6:46  Zergling x16  
  94  6:53  Zergling x8  
  97  7:02  Overlord x2  
  97  7:03  Overlord  
  97  7:06  Overlord, Infestation Pit  
  96  7:12  Hatchery  
  96  7:13  Queen  
  96  7:15  Roach Warren  
  96  7:28  Hydralisk x7  
  106  7:34  Grooved Spines  
  106  7:35  Hydralisk  
  104  7:38  Hydralisk  
  102  7:45  Drone  
  102  7:46  Drone x6  
  108  7:52  Zerg Missile Weapons Level 2  
  108  7:54  Hive  
  108  8:05  Roach x6  
  120  8:09  Glial Reconstitution  
  120  8:14  Roach  
  120  8:15  Roach x4  
  130  8:21  Pneumatized Carapace  
  129  8:35  Overlord x3  
  129  8:39  Hatchery  
  128  8:41  Hydralisk x3  
  128  8:45  Hatchery  
  128  8:46  Roach, Muscular Augments  
  128  8:47  Roach x2  
  139  8:49  Overseer  
  139  8:50  Overseer  
  139  8:55  Drone x4  
  142  8:56  Drone  
  142  8:57  Extractor  
  143  9:18  Viper x4  
  143  9:21  Hydralisk x2  
  159  9:30  Overlord x3  
  159  9:31  Overlord x3  
  159  9:34  Overlord x2  
  159  9:39  Overlord  
  159  9:50  Hydralisk x11  
  181  9:59  Roach x6  
  190  10:14  Extractor  
  189  10:27  Hydralisk  
  189  10:28  Hydralisk x9  
  166  10:43  Hydralisk x6  
  166  10:48  Hydralisk x2  
  152  10:51  Roach  
  152  10:52  Roach  
  152  10:53  Extractor  
  153  10:58  Zergling x36  
  153  11:03  Hydralisk x2  
  169  11:09  Extractor  
  170  11:24  Drone x3  
  170  11:25  Drone  
  174  11:26  Drone  
  174  11:27  Drone x2  
  172  11:39  Zergling x2  
Show
View Real Time Build Order
Export as new Build Order

Bunny Terran 

Build Orders: Reaper Expand, Mech 

Get SALT Encoding   

  12  0:01  SCV  
  13  0:13  SCV  
  14  0:18  Supply Depot  
  14  0:25  SCV  
  15  0:39  SCV  
  15  0:41  Barracks  
  16  0:44  Refinery  
  16  0:51  SCV  
  17  1:04  SCV  
  18  1:16  SCV  
  19  1:28  Orbital Command  
  19  1:29  Reaper  
  20  1:43  Command Center  
  20  1:54  SCV  
  20  1:58  Supply Depot  
  20  2:01  Marine  
  22  2:06  SCV  
  23  2:10  Factory  
  23  2:19  SCV  
  23  2:21  Refinery  
  24  2:24  Barracks Reactor  
  24  2:31  SCV  
  25  2:43  SCV  
  26  2:55  Orbital Command  
  26  2:56  SCV  
  26  2:57  Starport  
  27  3:05  Hellion x2  
  31  3:08  SCV  
  31  3:10  Marine  
  33  3:15  Supply Depot  
  33  3:20  SCV  
  33  3:22  SCV  
  33  3:26  Hellion  
  39  3:27  Hellion  
  39  3:33  SCV  
  40  3:36  Fusion Core  
  40  3:37  SCV  
  41  3:46  SCV  
  42  3:50  SCV, Starport Tech Lab  
  43  3:58  SCV  
  43  4:02  SCV  
  45  4:03  Command Center  
  45  4:11  SCV  
  45  4:14  SCV  
  45  4:16  Supply Depot  
  47  4:24  Battlecruiser  
  47  4:27  SCV  
  54  4:33  Supply Depot  
  54  4:38  SCV, Hellion x2  
  59  4:42  SCV  
  59  4:45  Refinery x2  
  60  4:48  Supply Depot  
  60  4:51  Weapon Refit  
  60  4:52  SCV  
  61  4:54  SCV  
  61  4:59  Hellion x2  
  66  5:08  SCV x2  
  68  5:16  Orbital Command  
  68  5:21  Hellion  
  68  5:22  Hellion  
  68  5:24  SCV x2  
  74  5:29  Viking  
  76  5:38  Factory  
  76  5:39  Factory, SCV x2  
  78  5:43  Hellion x2  
  82  5:53  Barracks Tech Lab  
  82  5:58  SCV x2  
  82  6:02  Armory  
  82  6:03  Armory  
  82  6:08  Hellion x2  
  71  6:12  Orbital Command  
  71  6:13  SCV x2  
  73  6:25  SCV x2  
  74  6:32  Starport Reactor  
  73  6:34  Refinery x2, Hellion x2  
  73  6:38  SCV x3  
  80  6:44  Factory  
  80  6:48  Factory  
  80  6:49  Thor x2  
  80  6:52  SCV  
  93  7:06  Terran Vehicle Weapons Level 1  
  93  7:07  Supply Depot  
  93  7:08  Supply Depot  
  93  7:11  Terran Vehicle And Ship Armor Level 1  
  93  7:12  Hellion, Supply Depot x2  
  93  7:13  Hellion x4  
  93  7:18  SCV x3, Hellion x2  
  96  7:30  Factory Tech Lab, SCV x3  
  92  7:39  Factory Reactor  
  92  7:42  SCV x3  
  90  7:44  Siege Tank x2  
  90  7:49  Siege Tank  
  99  7:52  Hellion x2  
  99  7:54  SCV x3  
  99  7:55  Viking, Engineering Bay  
  108  7:58  Viking  
  110  8:06  SCV x3  
  107  8:14  Hellion x2  
  107  8:16  Siege Tank  
  107  8:19  SCV x3  
  117  8:23  Siege Tank  
  117  8:24  Supply Depot  
  118  8:28  Siege Tank  
  118  8:30  Hellion x2  
  118  8:31  SCV  
  126  8:34  Medivac  
  126  8:35  Medivac  
  126  8:38  SCV x2  
  132  8:41  Supply Depot  
  132  8:43  Supply Depot  
  132  8:45  Infernal Pre-Igniter  
  132  8:49  Siege Tank  
  132  8:55  Hellion x2  
  139  8:56  Hellion  
  141  9:03  Hellion, Siege Tank  
  141  9:07  Siege Tank  
  149  9:10  Supply Depot, Sensor Tower  
  149  9:16  Medivac  
  149  9:17  Hellion x3  
  151  9:22  Medivac  
  155  9:24  Hellion  
  157  9:32  Siege Tank, Supply Depot  
  157  9:33  Supply Depot  
  157  9:38  Supply Depot, Hellion x2  
  164  9:40  Supply Depot  
  164  9:53  Siege Tank, Medivac  
  164  9:54  Hellion x2, Medivac  
  164  9:57  Supply Depot  
  164  9:58  Siege Tank  
  164  9:59  Hellion  
  180  10:00  Hellion  
  182  10:17  Hellion  
  182  10:19  Hellion  
  182  10:21  Hellion  
  185  10:22  Hellion  
  185  10:28  Siege Tank  
  181  10:33  Siege Tank  
  168  10:40  Hellbat x2, Medivac  
  168  10:41  Siege Tank, Medivac  
  168  10:42  Hellbat  
  154  10:47  Hellbat  
  132  11:08  Hellbat x4, Supply Depot x2  
  132  11:09  Supply Depot  
  140  11:24  Supply Depot  
  140  11:30  Hellion x6  

Tags
 
Add a new tag
Caveats
  • Supply blocks, unpowered buildings, or Contaminate may cause inaccurate times.
  • Supply counts are checked every 10 seconds.